 Dungeon Crawl Stone Soup version 0.19.1 (webtiles) character file.

424209 KarmaPolice the Lord of Darkness (level 22, -10/172 HPs)
             Began as a Vampire Skald on Nov 26, 2016.
             Was the Champion of Kikubaaqudgha.
             Mangled by a spriggan defender
             ... wielding a +2 flail of protection
             ... led by the Enchantress
              (30 damage)
             ... on level 2 of the Depths on Nov 27, 2016.
             The game lasted 08:55:14 (94424 turns).

KarmaPolice the Lord of Darkness (Vampire Skald)   Turns: 94424, Time: 08:55:14

Health: -10/172    AC:  0    Str: 15    XL:     22   Next: 71%
Magic:  41/41      EV: 35    Int: 14    God:    Kikubaaqudgha [******]
Gold:   2173       SH:  0    Dex: 25    Spells: 14 memorised, 4 levels left

rFire  . . .     SeeInvis +     (weapon currently unavailable)
rCold  + . .     Gourm    .     (armour currently unavailable)
rNeg   + + .     Faith    .     (shield currently unavailable)
rPois  +         Spirit   .     (helmet currently unavailable)
rElec  .         Reflect  .     (cloak currently unavailable)
rCorr  .         Harm     .     (gloves currently unavailable)
MR     ++...                    (boots currently unavailable)
Stlth  ++++......               d - amulet of magic regeneration
                                (ring currently unavailable)
                                (ring currently unavailable)

@: bat-form, flying, regenerating slowly, studying Maces & Flails, very quick
A: fangs 3, rugged brown scales 1, see invisible, (unbreathing), subdued magic
1, MP-powered wands
a: End Transformation, Receive Corpses, Torment, Brand Weapon With Pain, Receive
Necronomicon, Renounce Religion
}: 2/15 runes: decaying, gossamer


You were on level 2 of the Depths.
You worshipped Kikubaaqudgha.
Kikubaaqudgha was exalted by your worship.
You were very thirsty.
You were in vampire-bat-form.
You visited 9 branches of the dungeon, and saw 42 of its levels.
You visited the Abyss 1 time.

You collected 5792 gold pieces.
You spent 3619 gold pieces at shops.

Inventory:

Hand Weapons
 K - the +8 mace of the Onslaught {crush, +Inv rF++ Dex+4 Stlth-}
   (You took it off a tengu warrior on level 2 of the Depths)

   It inflicts extra damage upon your enemies.
   It affects your dexterity (+4).
   It greatly protects you from fire.
   It lets you turn invisible.
   It makes you less stealthy.
 U - a +2 great sword of draining
 Z - a +3 vampiric great sword (melded)
Armour
 e - the +5 cloak "Gataju" (melded) {rN+ Regen+ Str-3 Int+4 Dex+4}
   (You found it on level 3 of the Lair of Beasts)

   It affects your strength (-3).
   It affects your intelligence (+4).
   It affects your dexterity (+4).
   It protects you from negative energy.
   It increases your rate of regeneration.
 u - a +1 helmet (melded)
 x - a +0 pair of boots (melded)
 N - the +4 robe of Augmentation {Str+4 Int+4 Dex+4}
   (You bought it in a shop on level 4 of the Dungeon)

   It affects your strength (+4).
   It affects your intelligence (+4).
   It affects your dexterity (+4).
 X - a +3 ring mail of fire resistance (melded)
 Y - a +2 pair of gloves of dexterity (melded)
Jewellery
 c - the ring "Corri" (melded) {rC+ MR+ MP-9 Slay+5}
   (You took it off a tengu warrior on level 2 of the Depths)

   [ring of protection from magic]

   It affects your accuracy and damage with ranged weapons and melee attacks
   (+5).
   It protects you from cold.
   It affects your resistance to hostile enchantments.
   It affects your magic capacity (-9).
 d - an amulet of magic regeneration (around neck)
 t - an uncursed ring of resist corrosion
 z - a ring of protection from fire (melded)
Wands
 b - a wand of hasting (1/9)
 m - a wand of hasting (4/9)
 M - a wand of teleportation (3/9)
Scrolls
 g - a scroll of teleportation
 j - 2 scrolls of identify
 l - a scroll of silence
 n - 5 scrolls of magic mapping
 o - a scroll of summoning
 p - 13 scrolls of amnesia
 w - 7 scrolls of enchant armour
 B - a scroll of acquirement
 D - 5 scrolls of fog
 G - 5 scrolls of fear
 J - 14 scrolls of remove curse
 P - 3 scrolls of enchant weapon
 T - 8 scrolls of recharging
 V - 2 scrolls of brand weapon
Potions
 a - 2 potions of resistance
 f - 3 potions of might
 h - 5 potions of curing
 i - 4 potions of brilliance
 k - 4 potions of berserk rage
 q - a potion of cancellation
 r - 4 potions of cure mutation
 s - 8 potions of haste
 v - 2 potions of invisibility
 C - 3 potions of magic
 E - 5 potions of ambrosia
 I - 2 potions of blood
 S - 4 potions of agility
Books
 y - a book of Air

   Spells                             Type                      Level
   a - Shock                          Conjuration/Air              1
   b - Swiftness                      Charms/Air                   2
   c - Repel Missiles                 Charms/Air                   2
   d - Static Discharge               Conjuration/Air              3
   e - Lightning Bolt                 Conjuration/Air              5
 F - the Grimoire of Companions
   (You found it on level 1 of the Elven Halls)

   Spells                             Type                      Level
   a - Summon Butterflies             Summoning                    1
   b - Call Canine Familiar           Summoning                    3
   c - Aura of Abjuration             Summoning                    5
   d - Malign Gateway                 Summoning/Translocation      7
 H - a manual of Maces & Flails
 L - a book of Spatial Translocations

   Spells                             Type                      Level
   a - Blink                          Translocation                2
   b - Shroud of Golubria             Charms/Translocation         2
   c - Lesser Beckoning               Translocation                3
   d - Portal Projectile              Translocation                3
   e - Teleport Other                 Translocation                3
   f - Passage of Golubria            Translocation                4
 O - a book of Misfortune

   Spells                             Type                      Level
   a - Confusing Touch                Hexes                        1
   b - Confuse                        Hexes                        3
   c - Gell's Gravitas                Hexes/Translocation          3
   d - Petrify                        Transmutation/Earth          4
   e - Metabolic Englaciation         Hexes/Ice                    5
   f - Yara's Violent Unravelling     Hexes/Transmutation          5
 Q - a book of Frost

   Spells                             Type                      Level
   a - Freeze                         Ice                          1
   b - Throw Frost                    Conjuration/Ice              2
   c - Ozocubu's Armour               Charms/Ice                   3
   d - Throw Icicle                   Conjuration/Ice              4
   e - Summon Ice Beast               Ice/Summoning                4
 R - a book of Death

   Spells                             Type                      Level
   a - Corpse Rot                     Necromancy                   2
   b - Sublimation of Blood           Necromancy                   2
   c - Agony                          Necromancy                   5
   d - Dispel Undead                  Necromancy                   5
   e - Excruciating Wounds            Charms/Necromancy            5
   f - Bolt of Draining               Conjuration/Necromancy       5
Miscellaneous
 A - a fan of gales


   Skills:
 - Level 12.5 Fighting
 + Level 18.3 Long Blades
   Level 2.0 Axes
 + Level 10.5 Armour
 + Level 12.7 Dodging
   Level 6.0 Shields
 + Level 15.1 Spellcasting
 - Level 8.0 Conjurations
 - Level 10.0 Hexes
 - Level 4.0 Charms
 - Level 20.2 Necromancy
 - Level 10.0 Ice Magic
 - Level 9.7 Air Magic
 - Level 5.0 Evocations


You had 4 spell levels left.
You knew the following spells:

 Your Spells              Type           Power        Failure   Level  Hunger
a - Infusion              Chrm           ###.         1%          1    None
b - Shroud of Golubria    Chrm/Tloc      ##........   3%          2    None
c - Song of Slaying       Chrm           ###.....     1%          2    None
d - Regeneration          Chrm/Necr      ####......   1%          3    None
e - Animate Dead          Necr           N/A          0%          4    ##.....
f - Dispel Undead         Necr           ######..     1%          5    ####...
g - Bolt of Draining      Conj/Necr      #####.....   1%          5    ####...
h - Control Undead        Necr           ######....   0%          4    ##.....
i - Confuse               Hex            ####....     1%          3    None
j - Recall                Summ/Tloc      N/A          17%         3    None
k - Cause Fear            Hex            ####......   1%          4    ##.....
l - Simulacrum            Ice/Necr       #####.....   1%          6    ######.
m - Repel Missiles        Chrm/Air       ###...       1%          2    None
n - Tukima's Dance        Hex            ####....     1%          3    None


Dungeon Overview and Level Annotations

Branches:
Dungeon (15/15)            Temple (1/1) D:5            Lair (6/6) D:10
  Swamp (4/4) Lair:2       Spider (4/4) Lair:3        Slime (0/5) Lair:5
    Orc (2/2) D:12            Elf (3/3) Orc:2        Vaults (4/5) D:13
  Crypt (0/3) Vaults:2     Depths (3/5) D:15

Altars:
Ashenzari
Cheibriados
Dithmenos
Elyvilon
Fedhas
Gozag
Hepliaklqana
Kikubaaqudgha
Makhleb
Nemelex Xobeh
Okawaru
Qazlal
Ru
Sif Muna
Trog
Uskayaw
Vehumet
Xom
Yredelemnul
Zin
The Shining One
Beogh

Shops:
D:4 [   D:5 [   D:6 [=[}   D:9 *   D:13 [   D:15 (   Orc:2 ([*:   Elf:3 !
Vaults:1 }[[*   Vaults:2 ((!}%   Vaults:3 *

Portals:
Hell: Depths:1 Depths:2
Abyss: Depths:2
Pandemonium: Depths:2
Ziggurat: Depths:1

Annotations:
Depths:2 the Enchantress


Innate Abilities, Weirdness & Mutations

You heal slowly.
You have razor-sharp teeth.
You have supernaturally acute eyesight. (SInv)
((You can survive without breathing.))
(You are partially covered in rugged brown scales. (AC +1, +3% HP))
Your spells are a little easier to cast, but a little less powerful.
You expend magic power (3 MP) to strengthen your wands.


Message History

Unknown command.
You feel much better.
The spriggan defender completely misses you.
The spriggan defender misses you. The Enchantress completely misses you.
The spriggan defender hits you with a demon whip of flaming!!
* * * LOW HITPOINT WARNING * * *
The spriggan defender burns you.
* * * LOW HITPOINT WARNING * * *
Okay, then.
Okay, then.
As you read the scroll of fear, it crumbles to dust.
You assume a fearsome visage.
The spriggan defender easily resists.
The spriggan defender resists with almost no effort.
The Enchantress resists with almost no effort.
The spriggan defender completely misses you.
The spriggan defender barely misses you.
The Enchantress misses you.
The spriggan defender hits you with a flail of protection!!
You die...
Kikubaaqudgha rasps: "You have failed me!
Welcome... oblivion!"

#8.().8# ##........###
##.[..## ##.[.......#
#8..(.8# ##⌠........
##..).## ##%.......
#8...(8# ###....).
##.").## ##.....
#####'(##### ####..
#........i.# ###
##.8.....b.# ############
##...)..ii###8#8#88#8#8##
##[[[⌠[..#(......(......
#)[.[.(.((..((.........
#)<[\).)'((.)(..(()(([(
#.......#.(...[((.).[..
#####.8.###8#8#88#8#8##
##..# ############ ##.#


You could see the Enchantress and 2 spriggan defenders.

Vanquished Creatures
  Saint Roka (Orc:2)
  A golden dragon (Depths:1)
  A deep elf master archer (Elf:3)
  2 quicksilver dragons (Depths:2)
  3 liches
  Kirke (Lair:4)
  A shadow dragon (Depths:2)
  Donald (Elf:2)
  A fire giant (Depths:2)
  3 storm dragons
  16 vault wardens
  Louise (Elf:2)
  6 frost giants
  8 emperor scorpions
  2 ghost moths
  7 deep elf elementalists
  2 iron dragons (Depths:2)
  4 deep elf sorcerers (Elf:3)
  3 spriggan defenders
  A curse skull (Vaults:2)
  4 very ugly things
  A war gargoyle (Vaults:3)
  12 ironheart preservers
  8 stone giants
  2 entropy weavers
  12 deep elf annihilators
  5 deep elf demonologists
  A dire elephant (Lair:6)
  3 spark wasps
  5 ettins
  The ghost of Zorot the Fighter, a journeyman DsCK of Xom (Lair:2)
  6 deep elf death magi
  8 fire dragons
  A blizzard demon (Depths:2)
  5 deep elf high priests
  9 yaktaur captains
  A great orb of eyes (shapeshifter) (Depths:2)
  4 spriggan air magi (Depths:2)
  2 peacekeepers
  4 great orbs of eyes
  3 rakshasas
  12 hydras
  13 vault guards
  5 ice dragons
  The ghost of SeriousVitamin the Arsonist, a journeyman DEFE of Vehumet (Lair:3)
  2 catoblepae
  A ghost crab (Swamp:3)
  4 alligators
  29 dancing weapons
  13 centaur warriors
  A death knight (Vaults:2)
  17 ogre magi
  2 deep troll earth magi
  16 tengu warriors
  A deep troll shaman (Depths:1)
  6 spriggan berserkers (Depths:2)
  A hell hog (shapeshifter) (Vaults:1)
  9 death yaks
  3 soul eaters (Depths:2)
  An orc high priest (Orc:2)
  A hell knight (Vaults:3)
  19 deep elf knights
  3 sun demons
  9 skeletal warriors
  2 shadow wraiths
  2 swamp dragons (Swamp:4)
  3 unseen horrors
  A glowing orange brain (shapeshifter) (Elf:3)
  4 glowing orange brains (Depths:2)
  A storm dragon skeleton (Vaults:4)
  A wizard (Vaults:2)
  A sea snake (Depths:1)
  2 flayed ghosts
  10 deep trolls
  18 deep elf archers
  2 quicksilver dragon simulacra (Depths:2)
  Pikel (D:5)
  15 ironbrand convokers
  2 phantasmal warriors (Vaults:3)
  12 hill giants
  9 harpies
  2 shambling mangroves (Swamp:3)
  2 necromancers (Vaults:4)
  11 orc knights
  A mana viper (shapeshifter) (Vaults:1)
  A lindwurm (shapeshifter) (Vaults:4)
  2 orb spiders
  5 orc sorcerers
  A wolf spider zombie (D:15)
  A tengu skeleton (Vaults:4)
  55 ugly things
  4 cyclopes
  18 wolf spiders
  71 deep elf magi
  12 elephants
  A moth of wrath (Spider:2)
  2 centaur zombies
  3 manticores
  A guardian serpent (shapeshifter) (Vaults:1)
  A stone giant skeleton (Abyss:2)
  6 vault sentinels
  6 rust devils
  A naga mage (Depths:1)
  A torpor snail (Spider:4)
  11 spiny frogs
  2 black mambas
  A spiny frog (shapeshifter) (Vaults:3)
  A kobold demonologist (D:14)
  A gargoyle (D:9)
  50 yaktaurs
  3 rime drakes
  13 freezing wraiths
  2 ice devils (Depths:2)
  An efreet (Depths:2)
  7 demonic crawlers
  5 komodo dragons
  4 red devils (Depths:2)
  4 tengu conjurers
  13 jumping spiders
  7 hornets
  8 trolls
  9 polar bears
  A blink frog (shapeshifter) (D:15)
  6 blink frogs
  2 tyrant leeches (shapeshifter)
  A shadow dragon simulacrum (Vaults:3)
  7 tyrant leeches
  30 two-headed ogres
  14 hippogriffs
  3 bog bodies
  A meliai zombie (D:15)
  35 slime creatures
  2 flying skulls (Depths:2)
  2 raiju (shapeshifter) (Vaults:4)
  3 air elementals
  39 redbacks
  An ettin skeleton (Vaults:1)
  7 shadows
  10 tarantellas
  37 yaks
  3 water elementals
  A spriggan (Depths:2)
  4 fire elementals
  A yak (shapeshifter) (Vaults:1)
  8 wraiths
  A tarantella (shapeshifter) (Vaults:3)
  A fire bat (Swamp:4)
  4 wyverns
  A golden eye (shapeshifter) (D:15)
  5 basilisks
  A hungry ghost (D:10)
  A steam dragon (D:10)
  5 hogs (Lair:4)
  A basilisk (shapeshifter) (Vaults:4)
  12 vampire mosquitoes
  Menkaure (D:7)
  A soldier ant (shapeshifter) (Vaults:1)
  3 human simulacra
  4 mottled dragons
  9 wargs
  6 insubstantial wisps
  Edmund (D:6)
  9 swamp worms
  Duvessa (D:7)
  5 porcupines
  14 water moccasins
  3 hell hounds (Depths:2)
  8 sky beasts
  47 orc warriors
  5 swamp drakes
  7 ice beasts
  2 ettin simulacra (Depths:2)
  10 black bears
  An ogre (shapeshifter) (Vaults:3)
  2 eyes of draining
  2 human zombies (Vaults:1)
  55 ogres
  4 phantoms
  9 boggarts
  7 centaurs
  23 wolves
  7 crocodiles
  6 big kobolds
  13 bullfrogs
  2 wyvern zombies
  An earth elemental (Elf:3)
  3 scorpions
  Dowan (D:7)
  A water moccasin skeleton (D:9)
  7 killer bees (D:10)
  8 wights
  11 howler monkeys
  2 electric eels
  10 crimson imps
  3 quasits
  19 orc priests
  3 bullfrog skeletons
  6 hounds
  7 jellies
  47 orc wizards
  Crazy Yiuf (D:7)
  6 centaur skeletons
  6 iguanas
  12 worker ants
  Robin (D:4)
  6 gnolls
  17 adders
  A howler monkey skeleton (D:8)
  5 shadow imps
  An ooze (D:1)
  An adder skeleton (D:6)
  4 worms
  10 leopard geckos
  133 orcs
  3 ball pythons
  9 bats
  3 giant cockroaches
  12 hobgoblins
  13 jackals
  34 kobolds
  6 quokkas
  A ball python zombie (D:6)
  12 frilled lizards
  A giant cockroach zombie (D:5)
  15 goblins
  A leopard gecko skeleton (D:5)
  A quokka zombie (D:8)
  7 rats
  2 crawling corpses (Elf:3)
  3 fungi
1740 creatures vanquished.

Vanquished Creatures (collateral kills)
  A tentacled monstrosity (Vaults:4)
  The ghost of bart the Phalangite, an adept FoMo of Hepliaklqana (Vaults:3)
  2 thorn hunters
  A tengu reaver (Depths:2)
  A deep elf sorcerer (Elf:2)
  An emperor scorpion (Spider:4)
  A vault warden (Vaults:3)
  A ghoul (Vaults:2)
  A balrug (Depths:2)
  A very ugly thing (Depths:1)
  An ironheart preserver (Vaults:4)
  2 entropy weavers
  A stone giant (Depths:2)
  2 war gargoyles (Vaults:3)
  Azrael (Spider:3)
  A spark wasp (Spider:4)
  An ettin (Depths:1)
  A fire dragon (Depths:2)
  Josephine (Lair:5)
  3 deep elf high priests
  An ice dragon (Vaults:1)
  2 yaktaur captains
  2 vault guards
  A ghost crab (Swamp:3)
  7 hydras
  3 centaur warriors
  2 death knights
  3 alligators
  A dancing weapon (Elf:2)
  3 death yaks
  A deep troll shaman (Lair:6)
  Urug (Orc:2)
  2 fire crabs (Swamp:4)
  A deep elf knight (Vaults:3)
  An iron troll (Depths:2)
  A death drake (Depths:1)
  A glowing orange brain (Vaults:3)
  4 deep trolls
  3 swamp dragons (Swamp:4)
  A hill giant (D:10)
  3 deep elf archers (Vaults:1)
  An obsidian statue (Vaults:2)
  3 orc knights
  2 mana vipers (Depths:1)
  16 wolf spiders
  16 orb spiders
  6 deep elf magi
  A lindwurm (Swamp:4)
  A necromancer (Vaults:1)
  A stone giant zombie (Vaults:1)
  12 ugly things
  A slime creature (Swamp:3)
  A salamander (shapeshifter) (Vaults:4)
  A human skeleton (Vaults:4)
  A moth of wrath (Spider:4)
  2 rust devils (Depths:2)
  2 centaur zombies (D:14)
  2 black mambas
  Maurice (D:9)
  A fire giant skeleton (Vaults:1)
  A vault sentinel (Vaults:1)
  A torpor snail (Lair:6)
  An ice statue (Depths:2)
  3 elephants (Lair:6)
  9 spiny frogs
  A gargoyle (D:12)
  A naga mage (Depths:1)
  A rime drake (Lair:6)
  A yaktaur (shapeshifter) (Vaults:3)
  2 komodo dragons
  5 yaktaurs
  3 demonic crawlers
  A freezing wraith (Vaults:2)
  A troll (Vaults:1)
  22 jumping spiders
  A wind drake (shapeshifter) (Depths:1)
  A tengu conjurer (Depths:1)
  A polar bear (Lair:2)
  7 hornets
  3 two-headed ogres
  2 tyrant leeches (Lair:2)
  A bog body (Swamp:2)
  2 blink frogs (Lair:3)
  3 hippogriffs
  42 redbacks
  A spriggan (Swamp:1)
  11 tarantellas
  12 yaks
  A wyvern (Lair:2)
  2 basilisks
  3 wraiths
  3 fire elementals (Spider:3)
  2 fire bats (Swamp:4)
  6 vampire mosquitoes
  3 mottled dragons
  A warg (Vaults:4)
  6 swamp worms
  2 hell hounds (Spider:3)
  A water moccasin (Lair:6)
  5 swamp drakes
  5 porcupines
  A sky beast (D:10)
  5 orc warriors
  8 ogres
  2 necrophages
  11 wolves
  A centaur (Depths:1)
  3 crocodiles
  5 bullfrogs
  A wyvern skeleton (D:13)
  A human simulacrum (Vaults:3)
  2 killer bees (D:10)
  A crimson imp (D:9)
  A jelly (D:10)
  6 orc priests
  3 orc wizards
  A worker ant (D:12)
  12 orcs
  A jackal (D:11)
  4 kobolds (D:10)
  A briar patch (Swamp:4)
  3 fungi
  3 plants
396 creatures vanquished.

Vanquished Creatures (others)
  2 fire giants
  A ghost moth (Spider:4)
  A hydra (Swamp:4)
  An alligator (Swamp:4)
  2 swamp dragons (Swamp:4)
  An orb spider (Spider:4)
  3 deep elf magi
  A yaktaur (Vaults:2)
  A redback (Spider:3)
  2 steam dragons (Swamp:4)
  A vampire mosquito (D:15)
  A mottled dragon (Swamp:4)
  3 swamp drakes (Swamp:4)
  3 slaves (D:6)
  An ettin simulacrum (Depths:2)
  2 orc wizards
  2 orcs
  4 bushes (Lair:6)
  25 fungi
  41 plants
  6 toadstools (Swamp:3)
104 creatures vanquished.

Grand Total: 2240 creatures vanquished

Notes
Turn   | Place    | Note
-------+----------+-------------------------------------------
     0 | D:1      | KarmaPolice the Vampire Skald began the quest for the Orb.
     0 | D:1      | Reached XP level 1. HP: 16/16 MP: 3/3
   396 | D:1      | Reached XP level 2. HP: 17/22 MP: 5/5
   421 | D:1      | Learned a level 2 spell: Shroud of Golubria
   424 | D:1      | Learned a level 2 spell: Song of Slaying
  1306 | D:1      | Reached XP level 3. HP: 27/27 MP: 6/6
  2548 | D:1      | Reached XP level 4. HP: 13/34 MP: 0/8
  3373 | D:1      | Learned a level 3 spell: Regeneration
  3999 | D:2      | Reached skill level 1 in Necromancy
  4052 | D:2      | Reached XP level 5. HP: 31/40 MP: 9/9
  4404 | D:3      | Noticed an ogre
  4560 | D:3      | Killed an ogre
  4560 | D:3      | Reached skill level 2 in Necromancy
  4843 | D:3      | Found a sparkling altar of Nemelex Xobeh.
  5185 | D:3      | Reached skill level 1 in Evocations
  5185 | D:3      | Reached XP level 6. HP: 37/47 MP: 4/10
  5776 | D:4      | Noticed Robin
  5799 | D:4      | Killed Robin
  6381 | D:5      | Entered Level 5 of the Dungeon
  6817 | D:4      | Reached XP level 7. HP: 30/52 MP: 1/12
  7691 | D:3      | Reached skill level 3 in Necromancy
  7921 | D:4      | Found Waqoch's Armour Emporium.
  8349 | D:5      | Reached skill level 1 in Axes
  8473 | D:5      | Found a stormy altar of Qazlal.
  8494 | D:5      | Found a staircase to the Ecumenical Temple.
  8503 | D:5      | Found Orhug's Armour Boutique.
  8505 | Temple   | Entered the Ecumenical Temple
  8628 | Temple   | Became a worshipper of Kikubaaqudgha
  9121 | D:5      | Found a basalt altar of Yredelemnul.
  9153 | D:6      | Reached skill level 4 in Necromancy
  9475 | D:4      | Reached XP level 8. HP: 58/58 MP: 9/14
  9751 | D:6      | Noticed Pikel
  9820 | D:5      | Killed Pikel
  9820 | D:5      | Reached skill level 5 in Spellcasting
  9820 | D:5      | Reached skill level 5 in Necromancy
 10158 | D:7      | Noticed a hippogriff
 10257 | D:6      | Found Sast's Gadget Shop.
 10305 | D:6      | Found Xiepasun's Armour Shoppe.
 10326 | D:6      | Noticed Edmund
 10355 | D:6      | Killed Edmund
 10569 | D:6      | Found Emuts's Jewellery Shoppe.
 10603 | D:6      | Reached XP level 9. HP: 66/67 MP: 17/17
 10655 | D:6      | Found Namielud's Armour Shoppe.
 11052 | D:6      | Reached skill level 5 in Fighting
 11052 | D:6      | Reached skill level 6 in Necromancy
 11074 | D:6      | Reached * piety under Kikubaaqudgha
 11074 | D:6      | Identified Kikubaaqudgha's Almanac of Unholy Secrets (Kikubaaqudgha gifted it to you on level 6 of the Dungeon)
 11074 | D:6      | Received a gift from Kikubaaqudgha
 12204 | D:6      | Reached skill level 5 in Evocations
 12222 | D:7      | Noticed Menkaure
 12606 | D:7      | Noticed Duvessa
 12607 | D:7      | Noticed Dowan
 13065 | D:7      | Killed Menkaure
 13065 | D:7      | Reached skill level 7 in Necromancy
 13180 | D:7      | Reached ** piety under Kikubaaqudgha
 13254 | D:7      | Killed Dowan
 13351 | D:7      | Killed Duvessa
 13541 | D:7      | Found a runed door.
 13657 | D:7      | Noticed Crazy Yiuf
 13661 | D:7      | Killed Crazy Yiuf
 13765 | D:8      | Reached XP level 10. HP: 65/76 MP: 20/20
 14510 | D:8      | Reached *** piety under Kikubaaqudgha
 14510 | D:8      | Identified Kikubaaqudgha's Grimoire of Evil Rituals (Kikubaaqudgha gifted it to you on level 8 of the Dungeon)
 14510 | D:8      | Received a gift from Kikubaaqudgha
 14659 | D:8      | Learned a level 4 spell: Animate Dead
 14665 | D:8      | Learned a level 5 spell: Dispel Undead
 14774 | D:9      | Reached skill level 1 in Armour
 15296 | D:4      | Bought the +4 robe of Augmentation {Str+4 Int+4 Dex+4} for 529 gold pieces
 15458 | D:10     | Entered Level 10 of the Dungeon
 15486 | D:9      | Found Roram's General Store.
 15697 | D:9      | Bought a scroll of remove curse for 48 gold pieces
 15905 | D:9      | Found a shattered altar of Ashenzari.
 15915 | D:9      | Found a shadowy altar of Dithmenos.
 16076 | D:9      | Noticed Maurice
 16096 | D:9      | Killed Maurice
 16543 | D:9      | Reached skill level 8 in Necromancy
 16712 | D:9      | Found an opulent altar of Gozag.
 16788 | D:10     | Noticed a hill giant
 17247 | D:10     | Got a crude chain mail
 17248 | D:10     | Identified the +4 chain mail of an ossuary {rPois rC+++ Str-2 Int-2} (You found it on level 10 of the Dungeon)
 17261 | D:11     | Noticed a red ugly thing
 17420 | D:10     | Noticed a hill giant
 17447 | D:10     | Killed a hill giant
 17488 | D:10     | Found a staircase to the Lair.
 17488 | D:10     | Noticed an elephant
 17583 | D:10     | Learned a level 5 spell: Bolt of Draining
 17615 | D:11     | Found a labyrinth entrance.
 17828 | D:10     | Noticed a gargoyle
 17873 | D:10     | Reached skill level 1 in Conjurations
 18014 | D:10     | Reached **** piety under Kikubaaqudgha
 18097 | D:10     | Reached XP level 11. HP: 76/84 MP: 12/23
 18296 | D:9      | Learned a level 4 spell: Control Undead
 18337 | D:10     | Killed a hill giant
 18795 | D:10     | Reached skill level 9 in Necromancy
 19161 | Lair:1   | Entered Level 1 of the Lair of Beasts
 19186 | Lair:1   | Noticed a seven-headed hydra
 20191 | D:11     | Noticed a white ugly thing
 20494 | D:12     | Found a shattered altar of Ashenzari.
 20495 | D:12     | Found a white marble altar of Elyvilon.
 20714 | D:11     | Noticed a hill giant
 21680 | D:10     | Noticed a hill giant
 21764 | D:10     | Killed a hill giant
 21858 | D:10     | Noticed a hill giant
 21877 | D:10     | Killed a hill giant
 22254 | Lair:1   | Reached skill level 10 in Necromancy
 22783 | Lair:1   | Killed a seven-headed hydra
 22893 | Lair:1   | Reached ***** piety under Kikubaaqudgha
 22898 | Lair:1   | Reached XP level 12. HP: 82/91 MP: 16/25
 24337 | Lair:2   | Reached skill level 10 in Spellcasting
 24384 | Lair:2   | Reached skill level 11 in Necromancy
 24559 | Lair:2   | Noticed Zorot's ghost (journeyman DsCK)
 24902 | Lair:2   | Found a staircase to the Swamp.
 25223 | Lair:2   | Killed Zorot's ghost
 25223 | Lair:2   | Reached skill level 5 in Conjurations
 25453 | Lair:2   | Noticed a five-headed hydra
 25481 | Lair:2   | Killed a five-headed hydra
 25787 | Lair:2   | You are sucked into a shaft!
 26306 | Lair:3   | Learned a level 3 spell: Confuse
 26436 | Lair:3   | Noticed SeriousVitamin's ghost (journeyman DEFE)
 26451 | Lair:3   | Killed SeriousVitamin's ghost
 26451 | Lair:3   | Reached skill level 1 in Hexes
 27079 | Lair:3   | Got an ichor-stained cloak
 27349 | Lair:3   | Reached skill level 12 in Necromancy
 27864 | Lair:3   | Identified the +5 cloak "Gataju" {rN+ Regen+ Str-3 Int+4 Dex+4} (You found it on level 3 of the Lair of Beasts)
 28225 | Lair:3   | Found a hole to the Spider Nest.
 28512 | Lair:4   | Noticed a death yak
 28512 | Lair:4   | Noticed a death yak
 28534 | Lair:4   | Killed a death yak
 28944 | Lair:4   | Reached XP level 13. HP: 96/96 MP: 21/27
 29265 | Lair:4   | Reached skill level 5 in Hexes
 29922 | Lair:5   | Reached skill level 5 in Armour
 30061 | Lair:5   | Found a staircase to the Slime Pits.
 30234 | Lair:6   | Entered Level 6 of the Lair of Beasts
 30936 | Lair:5   | Noticed Kirke
 30968 | Lair:4   | Killed Kirke
 31510 | Lair:5   | Noticed Josephine
 31538 | Lair:5   | Killed Josephine
 32304 | Lair:6   | Reached skill level 13 in Necromancy
 33272 | Lair:6   | Reached ****** piety under Kikubaaqudgha
 33795 | Lair:6   | Reached XP level 14. HP: 93/103 MP: 11/30
 35398 | Lair:6   | Identified Efeih's Tome of Warped Summoning
 35404 | Lair:6   | Learned a level 3 spell: Recall
 36119 | D:10     | Reached skill level 10 in Hexes
 36253 | D:11     | Learned a level 4 spell: Cause Fear
 37342 | D:12     | Reached skill level 14 in Necromancy
 38447 | D:12     | Found a staircase to the Orcish Mines.
 39713 | D:13     | Found Ukao's Antique Armour Emporium.
 40275 | D:13     | Reached skill level 5 in Dodging
 40867 | D:13     | Reached XP level 15. HP: 96/113 MP: 16/32
 41234 | D:13     | Found a gate to the Vaults.
 41937 | D:9      | Bought a potion of curing for 48 gold pieces
 42017 | Orc:1    | Entered Level 1 of the Orcish Mines
 42111 | Orc:2    | Entered Level 2 of the Orcish Mines
 42208 | Orc:1    | Noticed Urug
 42366 | Orc:2    | Killed Urug
 43124 | Orc:2    | Found an iron altar of Okawaru.
 43200 | Orc:2    | Found a roughly hewn altar of Beogh.
 43906 | Orc:2    | Paralysed by an orc sorcerer for 6 turns
 43962 | Orc:2    | Found a roughly hewn altar of Beogh.
 44205 | Orc:2    | Found a roughly hewn altar of Beogh.
 44261 | Orc:2    | Found a roughly hewn altar of Beogh.
 44370 | Orc:2    | Found a staircase to the Elven Halls.
 44761 | Orc:1    | Reached skill level 5 in Long Blades
 44892 | Orc:2    | Noticed Saint Roka
 45150 | Orc:2    | Found Begar's Book Shoppe.
 45312 | Orc:2    | Found a roughly hewn altar of Beogh.
 45312 | Orc:2    | Found Omontush's Antique Weapon Boutique.
 45316 | Orc:2    | Found Kaeph's Antique Armour Shop.
 45591 | Orc:2    | Found a roughly hewn altar of Beogh.
 46477 | Orc:2    | Killed Saint Roka
 46477 | Orc:2    | Reached skill level 15 in Necromancy
 46768 | Orc:2    | Found Vaukor's Assorted Antiques.
 46776 | Orc:2    | Bought a scroll of identify for 60 gold pieces
 46964 | Orc:2    | Found a roughly hewn altar of Beogh.
 47093 | Orc:2    | Bought a pair of embroidered gloves for 231 gold pieces
 47108 | Orc:2    | Bought a scorched battleaxe for 299 gold pieces
 47110 | Orc:2    | Identified the +10 battleaxe of Annihilation {flame, rElec rN+ Str-4} (You bought it in a shop on level 2 of the Orcish Mines)
 47201 | Orc:2    | Bought an ominously black robe for 171 gold pieces
 47201 | Orc:2    | Bought a scroll labeled CAULYI ZEIFAGE for 30 gold pieces
 47215 | Orc:2    | Identified the +2 robe of Experimentation {rElec rN+ MR- Str+3} (You bought it in a shop on level 2 of the Orcish Mines)
 47486 | D:13     | Bought a transparent ring mail for 243 gold pieces
 47496 | D:13     | Identified the cursed +1 ring mail "Yrphonuakh" {rPois Str-2 Dex+4} (You bought it in a shop on level 13 of the Dungeon)
 49249 | D:15     | Entered Level 15 of the Dungeon
 49272 | D:15     | Found Xecherch's Weapon Boutique.
 50655 | D:15     | Noticed a fire giant
 50690 | D:15     | Found a staircase to the Depths.
 51005 | D:15     | Found an iron altar of Okawaru.
 51015 | D:15     | Got a tiger eye-encrusted ring mail
 51667 | D:6      | Identified the +4 ring mail of Resonance {Dex+4 SInv} (You found it on level 15 of the Dungeon)
 51907 | Swamp:1  | Entered Level 1 of the Swamp
 51920 | Swamp:1  | Reached XP level 16. HP: 93/120 MP: 27/33
 53704 | Swamp:3  | Noticed a thorn hunter
 53727 | Swamp:3  | Killed a thorn hunter
 54648 | Swamp:3  | Learned a level 6 spell: Simulacrum
 54968 | Swamp:4  | Entered Level 4 of the Swamp
 54968 | Swamp:4  | Noticed a thorn hunter
 55118 | Swamp:4  | Reached skill level 1 in Ice Magic
 55189 | Swamp:4  | Reached skill level 16 in Necromancy
 56807 | Swamp:4  | Killed a thorn hunter
 56928 | Swamp:4  | Got a decaying rune of Zot
 57642 | Spider:1 | Entered Level 1 of the Spider Nest
 58081 | Spider:1 | Reached skill level 10 in Dodging
 60416 | Spider:3 | Noticed Azrael
 60817 | Spider:3 | Reached XP level 17. HP: 126/126 MP: 24/35
 60905 | Spider:3 | Killed Azrael
 61416 | Spider:3 | Reached skill level 10 in Long Blades
 61516 | Spider:3 | Identified Fionton's Disquisition on Quantum Arcane Weapons
 62001 | Spider:3 | Reached skill level 5 in Ice Magic
 62068 | Spider:4 | Entered Level 4 of the Spider Nest
 63252 | Spider:4 | Got a jewelled chain mail
 63273 | Spider:4 | Identified the +4 chain mail "Ivoyjuma" {Regen+ rCorr Dex-2} (You found it on level 4 of the Spider Nest)
 63302 | Spider:4 | Got a heavily runed ring mail
 63303 | Spider:4 | Identified the cursed +1 ring mail of the Elven Halls {-Tele MR+ Str+2} (You found it on level 4 of the Spider Nest)
 63445 | Spider:4 | Got a faintly humming scale mail
 63722 | Spider:4 | Reached skill level 17 in Necromancy
 63927 | Spider:4 | Got a gossamer rune of Zot
 64351 | Vaults:1 | Entered Level 1 of the Vaults
 64936 | Vaults:1 | Found Osuok's Armour Emporium.
 64937 | Vaults:1 | Found Tubbagutoh's Gadget Shoppe.
 65078 | Vaults:1 | Paralysed by an ogre mage for 7 turns
 65174 | Vaults:1 | Identified the +5 scale mail of the Mutiny {Dex+4} (You found it on level 4 of the Spider Nest)
 65433 | Vaults:1 | Reached XP level 18. HP: 132/132 MP: 18/36
 65507 | Vaults:1 | Found Esiehoru's Antique Armour Shop.
 65507 | Vaults:1 | Found Ukonteh's General Store.
 65510 | Vaults:1 | Bought a scroll of torment for 135 gold pieces
 65642 | Vaults:1 | Bought a glowing buckler for 378 gold pieces
 65924 | Vaults:1 | Reached skill level 1 in Shields
 67064 | Vaults:1 | Bought a shiny helmet for 378 gold pieces
 67575 | Vaults:2 | Found Nuakkiv's Distillery.
 67581 | Vaults:2 | Bought a potion of resistance for 190 gold pieces
 67754 | Vaults:2 | You fall through a shaft for 2 floors!
 68005 | Vaults:4 | Reached skill level 18 in Necromancy
 68173 | Vaults:3 | Noticed bart's ghost (adept FoMo)
 68184 | Vaults:3 | Killed bart's ghost
 68239 | Vaults:3 | Found Vezeigav's General Store.
 68247 | Vaults:3 | Bought a scroll of fear for 70 gold pieces
 68452 | Vaults:2 | Found Kasetobb's Weapon Shop.
 69437 | Vaults:2 | Reached skill level 5 in Shields
 69552 | Vaults:2 | Found Lecwatec's Gadget Shoppe.
 69706 | Vaults:2 | Found Nami's Food Boutique.
 69873 | Vaults:2 | Found a staircase to the Crypt.
 70348 | Vaults:2 | Reached XP level 19. HP: 131/138 MP: 37/37
 70514 | Vaults:2 | Found Vel Sief's Weapon Shop.
 70654 | Vaults:2 | Reached skill level 10 in Ice Magic
 72515 | Vaults:3 | Reached skill level 10 in Fighting
 72783 | Vaults:3 | Got a pitted leather armour
 73299 | Vaults:4 | Identified the +0 leather armour of the Fife {rF+ Str-5 Dex+4 SInv} (You found it on level 3 of the Vaults)
 73934 | Vaults:4 | Reached skill level 19 in Necromancy
 74967 | Vaults:4 | Reached XP level 20. HP: 149/149 MP: 2/38
 75717 | Vaults:3 | Bought a potion of agility for 80 gold pieces
 76863 | D:6      | Bought a +3 ring mail of fire resistance for 364 gold pieces
 76885 | D:6      | Bought an uncursed ring of protection from fire for 275 gold pieces
 77218 | Elf:1    | Entered Level 1 of the Elven Halls
 77297 | Elf:1    | Found a ruined gateway.
 77661 | Depths:1 | Entered Level 1 of the Depths
 78046 | Depths:1 | Found a gateway to a ziggurat.
 78635 | Depths:1 | Found a gateway to Hell.
 78824 | Depths:1 | Gained mutation: You are partially covered in rugged brown scales. (AC +1, +3% HP) [potion of beneficial mutation]
 79009 | Depths:1 | Identified the Catalogue of Poisoning
 79515 | Depths:2 | Learned a level 2 spell: Repel Missiles
 79562 | Depths:2 | Found a glowing golden altar of the Shining One.
 79603 | Depths:2 | Reached skill level 1 in Air Magic
 80720 | Depths:2 | Got an uncursed ebony mace {crush}
 80721 | Depths:2 | Identified the +8 mace of the Onslaught {crush, +Inv rF++ Dex+4 Stlth-} (You took it off a tengu warrior on level 2 of the Depths)
 80849 | Depths:2 | Reached XP level 21. HP: 135/163 MP: 0/39
 80962 | Depths:2 | Reached skill level 20 in Necromancy
 81822 | Depths:1 | Reached skill level 15 in Long Blades
 82030 | Depths:2 | Found a radiant altar of Vehumet.
 82532 | Depths:2 | Noticed a golden dragon
 82583 | Depths:1 | Killed a golden dragon
 83287 | Depths:1 | Reached skill level 5 in Air Magic
 83553 | Depths:2 | Found a hide-covered altar of Uskayaw.
 83555 | Depths:2 | Found a one-way gate leading to the halls of Pandemonium.
 84048 | Depths:2 | Got a shimmering scale mail
 84138 | Depths:2 | Identified the cursed +0 scale mail of Qouk {rC+} (You took it off a rakshasa on level 2 of the Depths)
 84229 | Depths:2 | Got a heavily runed lapis lazuli ring
 84506 | Depths:2 | Learned a level 3 spell: Tukima's Dance
 84869 | Depths:2 | Found an ancient bone altar of Kikubaaqudgha.
 84871 | Depths:2 | Found a one-way gate to the infinite horrors of the Abyss.
 84904 | Depths:2 | Identified the ring "Corri" {rC+ MR+ MP-9 Slay+5} (You took it off a tengu warrior on level 2 of the Depths)
 85509 | Depths:3 | Noticed the Enchantress
 86014 | Elf:1    | Identified a scroll of acquirement
 86361 | Elf:1    | Identified the Grimoire of Companions
 86956 | Elf:2    | Found a runed gate.
 86956 | Elf:2    | Found a runed gate.
 86958 | Elf:2    | Found a runed gate.
 87776 | Elf:2    | Reached XP level 22. HP: 172/172 MP: 31/40
 88043 | Elf:2    | Noticed Donald
 88043 | Elf:2    | Noticed Louise
 88393 | Elf:2    | Killed Donald
 89150 | Elf:2    | Killed Louise
 89765 | Elf:3    | Entered Level 3 of the Elven Halls
 90001 | Elf:3    | Found Usatah's Distillery.
 90010 | Elf:3    | Bought a potion of heal wounds for 90 gold pieces
 90327 | Elf:3    | Cast into level 2 of the Abyss (hand axe of distortion)
 90327 | Abyss:2  | Found a corrupted altar of Lugonu.
 90340 | Abyss:2  | Paralysed by a floating eye for 2 turns
 90363 | Abyss:2  | Found a corrupted altar of Lugonu.
 90434 | Abyss:2  | Found a corrupted altar of Lugonu.
 90476 | Abyss:2  | Reached skill level 10 in Armour
 90681 | Abyss:2  | Found a corrupted altar of Lugonu.
 90687 | Elf:3    | Escaped the Abyss
 91061 | Elf:3    | Got a twisted leather armour
 91062 | Elf:3    | Identified the cursed +1 leather armour of Pona {rF+ Int+2 Dex+7} (You found it on level 3 of the Elven Halls)
 92966 | Elf:2    | Reached skill level 15 in Spellcasting
 93199 | Elf:3    | Got an uncursed fine hand axe {freeze}
 93201 | Elf:3    | Identified the +3 hand axe "Paedirei" {freeze, rElec Int+4} (You took it off a deep elf high priest on level 3 of the Elven Halls)
 93204 | Elf:3    | Got a diamond-encrusted chain mail
 93205 | Elf:3    | Identified the +0 chain mail of the Lair of Beasts {Str+6} (You took it off a deep elf high priest on level 3 of the Elven Halls)
 93284 | Elf:3    | Got a crude war axe {freeze}
 93348 | Elf:3    | Identified the +4 war axe "Rabafih" {freeze, rPois Dex+5} (You took it off a deep elf death mage on level 3 of the Elven Halls)
 93351 | Elf:3    | Got a serpentine amethyst amulet
 93352 | Elf:3    | Identified the amulet "Tiyn" {Gourm rC+ Dex+5} (You took it off a deep elf death mage on level 3 of the Elven Halls)
 93356 | Elf:3    | Got an ichor-stained halberd {chop}
 93358 | Elf:3    | Identified the +9 halberd "Jairghao" {chop, MR+} (You took it off a deep elf death mage on level 3 of the Elven Halls)
 93575 | Elf:3    | Identified the Guide on Hurtful Aid
 93801 | Elf:3    | Gained mutation: You expend magic power (3 MP) to strengthen your wands. [a cacodemon]
 93810 | Elf:3    | Gained mutation: Your spells are a little easier to cast, but a little less powerful. [a cacodemon]
 94424 | Depths:2 | Mangled by a spriggan defender

Skill      XL: |  1  2  3  4  5  6  7  8  9 10 11 12 13 14 15 16 17 18 19 20 21 22 |
---------------+-------------------------------------------------------------------+-----
Fighting       | 2 3 4 6 7 9 10 12 | 12.5
Charms         | 4 |  4.0
Long Blades    | 3 4 7 9 11 12 13 14 17 18 | 18.3
Necromancy     | 1 2 4 5 7 8 10 12 13 14 15 16 17 18 19 20 | 20.2
Spellcasting   | 3 4 5 7 8 9 10 12 13 14 15 | 15.1
Evocations     | 1 2 3 4 5 |  5.0
Axes           | 2 |  2.0
Dodging        | 3 5 8 10 12 | 12.7
Armour         | 3 4 6 7 8 9 10 | 10.5
Conjurations   | 1 3 6 7 8 |  8.0
Hexes          | 4 8 10 | 10.0
Ice Magic      | 4 7 9 10 | 10.0
Shields        | 5 6 |  6.0
Air Magic      | 3 8 9 |  9.7

Action                   |  1- 3 |  4- 6 |  7- 9 | 10-12 | 13-15 | 16-18 | 19-21 | 22-24 || total
-------------------------+-------+-------+-------+-------+-------+-------+-------+-------++-------
Melee: Falchion          |   119 |   224 |    27 |       |       |       |       |       ||   370
       Bite              |     7 |    25 |    51 |   159 |   310 |   332 |   449 |    93 ||  1426
       Unarmed           |       |    12 |    33 |    28 |    54 |     3 |       |     1 ||   131
       Hand axe          |       |       |   458 |   923 |   837 |       |       |       ||  2218
       Dagger            |       |       |    22 |       |       |       |       |       ||    22
       Short sword       |       |       |       |    20 |       |       |       |       ||    20
       Scimitar          |       |       |       |       |   299 |    26 |       |       ||   325
       Great sword       |       |       |       |       |   256 |  1185 |  1773 |   435 ||  3649
       Battleaxe         |       |       |       |       |    20 |    32 |       |       ||    52
 Cast: Infusion          |     8 |    23 |    49 |    77 |    70 |    36 |    38 |    15 ||   316
       Shroud of Golubri |     3 |     9 |    22 |    36 |    38 |    28 |    23 |     5 ||   164
       Regeneration      |       |    11 |    18 |    77 |    52 |    76 |    94 |    32 ||   360
       Song of Slaying   |       |     1 |       |     2 |    10 |     4 |     8 |       ||    25
       Animate Dead      |       |       |       |    57 |    93 |   183 |   147 |    21 ||   501
       Dispel Undead     |       |       |       |    16 |    20 |    42 |    46 |     3 ||   127
       Control Undead    |       |       |       |     4 |     7 |     8 |       |       ||    19
       Bolt of Draining  |       |       |       |     9 |   255 |   216 |   338 |    91 ||   909
       Confuse           |       |       |       |       |       |     1 |     1 |       ||     2
       Cause Fear        |       |       |       |       |       |     1 |       |     1 ||     2
       Simulacrum        |       |       |       |       |       |     1 |       |       ||     1
       Repel Missiles    |       |       |       |       |       |       |     4 |     2 ||     6
       Recall            |       |       |       |       |       |       |     2 |       ||     2
Invok: Receive Corpses   |       |       |       |     9 |     1 |    13 |    12 |       ||    35
 Abil: Bat Form          |     3 |    20 |    57 |   137 |   180 |   102 |    26 |    21 ||   546
       End Transformatio |     3 |    20 |    57 |   137 |   180 |   102 |    26 |    20 ||   545
Evoke: Wand              |       |     6 |     4 |    27 |     1 |     2 |       |       ||    40
       Box of beasts     |       |       |       |       |       |     1 |       |       ||     1
  Use: Potion            |     2 |     2 |     8 |    24 |    35 |    37 |    51 |    20 ||   179
       Scroll            |       |     8 |     3 |     9 |     9 |    14 |    15 |    11 ||    69
 Stab: Sleeping          |     4 |     1 |     2 |     8 |     8 |     9 |     6 |     3 ||    41
       Distracted        |     1 |     1 |     3 |     5 |    15 |    28 |    28 |     4 ||    85
       Confused          |       |     1 |     1 |     5 |       |     3 |       |       ||    10
  Eat: Corpse            |     1 |     8 |    11 |    13 |    11 |     7 |    10 |     1 ||    62
Armor: Leather armour    |    45 |    73 |   196 |    10 |       |       |       |       ||   324
       Robe              |       |       |       |   372 |   594 |   549 |   182 |       ||  1697
       Animal skin       |       |       |       |    20 |       |       |       |       ||    20
       Chain mail        |       |       |       |    28 |       |       |       |       ||    28
       Ring mail         |       |       |       |       |       |       |   567 |   139 ||   706
Dodge: Dodged            |    83 |   176 |   306 |   786 |  1432 |  1835 |  2177 |   365 ||  7160
       Deflected         |       |       |       |       |       |       |    17 |    12 ||    29
Block: Other             |       |       |    21 |   124 |   198 |    57 |       |       ||   400
       Reflection        |       |       |       |     2 |     7 |       |       |       ||     9
       Rpst.: Falchion   |    32 |    44 |     4 |       |       |       |       |       ||    80
       Scimitar          |       |       |       |       |    79 |     8 |       |       ||    87
       Great sword       |       |       |       |       |    68 |   378 |   485 |    70 ||  1001
